 Dungeon Crawl Stone Soup version 0.31.0-11-ge490571c62 (webtiles) character file.

Game seed: 545726290361616091

296 Gadfly the Insei (level 6, -1/47 HPs)
             Began as a Demonspawn Monk on Feb 2, 2024.
             Was an Initiate of Ru.
             Killed from afar by a white imp (5 damage)
             ... with a puff of frost
             ... on level 5 of the Dungeon.
             The game lasted 00:03:12 (2119 turns).

Gadfly the Insei (Demonspawn Monk)                  Turns: 2119, Time: 00:03:13

Health: -1/47      AC:  2    Str: 13    XL:     6   Next: 12%
Magic:  0/6        EV: 13    Int: 10    God:    Ru [......]
Gold:   749        SH:  4    Dex: 16    Spells: 5/5 levels left

rFire   . .          .
                       - Unarmed
rCold   . . .        c - orb {light}
rNeg    . . .        a - +0 robe
rPois   .            (no helmet)
rElec   .            (no cloak)
rCorr   .            (no gloves)
SInv    .            (no boots)
Will    .....        h - amulet of guardian spirit
Stlth   +            (no ring)
HPRegen 0.27/turn    (no ring)
MPRegen 0.10/turn

%: guardian spirit
@: glowing
A: hooves 1, large bone plates 1
a: Renounce Religion


You were on level 5 of the Dungeon.
You worshipped Ru.
Ru was noncommittal.
You visited 2 branches of the dungeon, and saw 5 of its levels.

You collected 749 gold pieces.

Inventory:

Hand Weapons
 b - a +3 dagger of draining
 m - the +1 trident of the Firefly {flame, rElec Stlth+}
   (You found it on level 2 of the Dungeon)

   rElec:     It insulates you from electricity.
   Stlth+:    It makes you more stealthy.
Armour
 a - a +0 robe (worn)
 c - an orb of light (worn)
Jewellery
 h - an amulet of guardian spirit (around neck)
Scrolls
 f - 2 scrolls of teleportation
Potions
 d - a potion of ambrosia
 e - a potion of berserk rage
 g - a potion of mutation
 i - a potion of curing
 j - 2 potions of heal wounds
 k - a potion of might


   Skills:
 - Level 3.0 Fighting
 + Level 3.4 Dodging
 * Level 4.0 Unarmed Combat
 * Level 3.0 Evocations
 * Level 2.4 Shapeshifting


You had 5 spell levels left.
You didn't know any spells.
Your spell library contained the following spells:

 Spells                   Type           Power      Damage    Failure   Level
 Call Imp                 Summ           0%         N/A       50%         2
 Jinxbite                 Hex            0%         N/A       50%         2
 Sublimation of Blood     Necr           0%         N/A       50%         2
 Yara's Violent Unravell  Hex/Alch       0%         3d3       100%        5
 Enfeeble                 Hex            0%         N/A       100%        7
 Summon Hydra             Summ           0%         N/A       100%        7


Dungeon Overview and Level Annotations

Branches:
Dungeon (5/15)             Temple (1/1) D:5

Altars:
Ashenzari
Cheibriados
Fedhas
Kikubaaqudgha
Nemelex Xobeh
Okawaru
Qazlal
Ru
Trog
Uskayaw
Wu Jian
Xom
Yredelemnul


Innate Abilities, Weirdness & Mutations

You have large cloven feet.
You are partially covered in large bone plates. (SH +4)


Message History

A gnoll bouda comes into view. It is wielding a +0 whip.
The white imp gestures at you. The puff of frost hits you!
The gnoll hits you from afar with a +0 spear.
You hit the white imp but do no damage. You kick the white imp.
The white imp is lightly wounded.
The gnoll bouda barks out a call to the hunt!
The gnolls pick up the pace!
The white imp grins evilly.
The white imp barely misses you. The gnoll misses you.
You hear a shout!
Unknown command.
The gnoll hits you from afar with a +0 spear!
The white imp shouts, "Scamper away, thou fawning hasty-witted canker-blossom!"
The white imp gestures at you. The puff of frost misses you.
The white imp attacks as it pursues you!
The white imp hits you. The white imp freezes you.
You are now empty-handed.
You hit the white imp but do no damage.
The white imp is lightly wounded.
The white imp gestures at you. The puff of frost misses you.
The gnoll misses you.
The gnoll hits you from afar with a +0 spear.
You are too injured to fight recklessly!
You hit the white imp.
The white imp is heavily wounded.
The white imp closely misses you.
The gnoll hits you from afar with a +0 spear!
The gnoll hits you from afar with a +0 spear.
* * * LOW HITPOINT WARNING * * *
The gnoll attacks as it pursues you! The gnoll closely misses you.
The white imp attacks as it pursues you!
The white imp closely misses you. The white imp gestures at you.
The puff of frost hits you!
* * * LOW HITPOINT WARNING * * *
The white imp gestures at you. The puff of frost hits you.
You die...

...g...#..# #.g..# ##.#.#
#g#.### #.#...# #####
#g###.## #...# #.g....#
#.⌠.# #.g#######...####
#####..g5..@........#####
#.......###.⌠..>..⌠....>.
#......†# #..........##
#.......# ####...#####
#.......# #.⌠.#
#.......######...#
#..............###
#.......########
####.#.##


You could see 2 gnolls and a white imp.

Vanquished Creatures
  A hornet (D:5)
  An iguana (D:5)
  3 adders
  3 dart slugs (D:1)
  2 ribbon worms (D:2)
  3 bats
  4 endoplasms
  5 goblins
  A hobgoblin (D:2)
  A quokka (D:1)
  6 ball pythons
  2 frilled lizards (D:2)
  4 kobolds
  9 rats
45 creatures vanquished.

Notes
Turn   | Place    | Note
-------+----------+-------------------------------------------
     0 | D:1      | Gadfly the Demonspawn Monk began the quest for the Orb.
     0 | D:1      | Reached XP level 1. HP: 18/18 MP: 1/1
   123 | D:1      | Gained mutation: You have large cloven feet. [demonic
                  | ancestry]
   123 | D:1      | Reached XP level 2. HP: 24/24 MP: 2/2
   233 | D:1      | Reached skill level 3 in Unarmed Combat
   233 | D:1      | Reached skill level 1 in Evocations
   286 | D:1      | Found a faded altar of an unknown god.
   752 | D:2      | Reached skill level 1 in Shapeshifting
   795 | D:2      | Reached XP level 3. HP: 29/29 MP: 3/3
  1419 | D:2      | Identified the +1 trident of the Firefly {flame, rElec
                  | Stlth+}
  1705 | D:2      | Gained mutation: You are partially covered in large bone
                  | plates. (SH +4) [demonic ancestry]
  1705 | D:2      | Reached XP level 4. HP: 35/35 MP: 4/4
  1850 | D:3      | You fall into a shaft and drop 2 floors!
  1850 | D:5      | Entered Level 5 of the Dungeon
  1850 | D:5      | Found a staircase to the Ecumenical Temple.
  1863 | Temple   | Entered the Ecumenical Temple
  1870 | Temple   | Became a worshipper of Ru the Awakened
  1895 | D:5      | Noticed a hornet
  1915 | D:5      | Killed a hornet
  1916 | D:5      | Reached skill level 4 in Unarmed Combat
  1916 | D:5      | Reached XP level 5. HP: 16/41 MP: 5/5
  1916 | D:5      | Reached XP level 6. HP: 18/47 MP: 6/6
  2022 | D:5      | Identified a scroll of acquirement
  2022 | D:5      | Acquired 637 gold pieces
  2119 | D:5      | Killed from afar by a white imp

Illustrated notes

Levels and vault maps discovered:
D:1:      lemuel_arrival_hallway, layout_basic, shapermc_ecumenical_altar_petra,
          chequers_serial_rivers_large_a, hex_large
D:2:      layout_loops_corners, serial_forest, infiniplex_forest_lined_room_2,
          infiniplex_forest_diagonal, infiniplex_forest_lined_2,
          infiniplex_forest_straight_2, infiniplex_forest_zigzag_1,
          infiniplex_forest_side_room, infiniplex_forest_lined_room_3,
          minivault_4, chequers_serial_rivers_room_a, st_stairs_11,
          minmay_vboxes
D:3:      layout_loops_corners
D:5:      layout_loops_ring, mainiacjoe_overflow_catwalk,
          minmay_temple_entry_junction, ebering_ghost_disaster_area,
          kennysheep_nub
Temple:   nicolae_temple_no_exploring_needed

Skill      XL: |  1  2  3  4 |
---------------+-------------+-----
Unarmed Combat | 3 4 |  4.0
Evocations     | 1 3 |  3.0
Shapeshifting  | 1 2 |  2.4
Dodging        | 3 |  3.4
Fighting       | |  3.0

Action                     |  1- 3 |  4- 6 || total
---------------------------+-------+-------++-------
  Melee: Dagger            |    71 |    29 ||   100
         Unarmed           |     1 |     2 ||     3
         Kick              |    13 |    10 ||    23
 Invoke: Reject Sacrifices |       |     1 ||     1
    Use: Scroll            |     2 |     6 ||     8
         Potion            |       |     1 ||     1
 Armour: Robe              |    24 |    28 ||    52
  Dodge: Dodged            |    30 |    34 ||    64
